 Dungeon Crawl Stone Soup version 0.28.0-43-g3370ac3207 (webtiles) character file.

Game seed: 14599442410050685963

340 sankara the Chopper (level 6, -1/52 HPs)
             Began as a Minotaur Fighter on Mar 21, 2022.
             Was a Follower of the Shining One.
             Slain by a lemure (3 damage)
             ... led by Pikel
             ... on level 4 of the Dungeon.
             The game lasted 00:04:28 (1921 turns).

sankara the Chopper (Minotaur Fighter)              Turns: 1921, Time: 00:04:29

Health: -1/52      AC:  9    Str: 21    XL:     6   Next: 30%
Magic:  5/5        EV:  9    Int:  7    God:    the Shining One [*.....]
Gold:   62         SH:  4    Dex:  9    Spells: 5/5 levels left

rFire   . . .      SeeInvis .   a - +0 war axe
rCold   . . .      Faith    .   c - +0 buckler
rNeg    . . .      Spirit   .   b - +0 scale mail
rPois   .          Reflect  .   (helmet restricted)
rElec   .          Harm     .   (no cloak)
rCorr   .          Rampage  .   r - +1 pair of gloves
Will    .....                   (no boots)
Stlth   ..........              (no amulet)
HPRegen 0.17/turn               (no ring)
MPRegen 0.09/turn               (no ring)

@: glowing
A: horns 2, retaliatory headbutt
a: Renounce Religion, Divine Shield


You were on level 4 of the Dungeon.
You worshipped the Shining One.
The Shining One was aware of your devotion.
You visited 1 branch of the dungeon, and saw 3 of its levels.

You collected 62 gold pieces.

Inventory:

Hand Weapons
 a - a +0 war axe (weapon)
Missiles
 e - 74 stones (quivered)
 f - 3 javelins
 j - 11 poisoned darts
 m - 26 sling bullets
Armour
 b - a +0 scale mail (worn)
 c - a +0 buckler (worn)
 q - the +2 robe of the Skies Above {rC+}
   (You found it on level 4 of the Dungeon)

   rC:        It protects you from cold.
 r - a +1 pair of gloves (worn)
Scrolls
 g - a scroll of immolation {unknown}
 k - a scroll of blinking {unknown}
 n - 2 scrolls of identify {unknown}
 o - 2 scrolls of enchant weapon {unknown}
 p - a scroll of torment {unknown}
Potions
 d - a potion of might
 h - 2 potions of mutation {unknown}
 i - a potion of flight {unknown}
 l - a potion of resistance {unknown}


   Skills:
 - Level 4.0 Fighting
 * Level 6.0 Axes
 + Level 5.3 Armour
 - Level 5.0 Shields


You had 5 spell levels left.
You didn't know any spells.
Your spell library contained the following spells:

 Spells                   Type           Power      Damage    Failure   Level
 Shock                    Conj/Air       0%         1d3       83%         1
 Stone Arrow              Conj/Erth      0%         3d7       99%         3
 Swiftness                Air            0%         N/A       99%         3
 Airstrike                Air            0%         N/A       100%        4
 Animate Armour           Summ/Erth      0%         N/A       100%        4
 Lehudib's Crystal Spear  Conj/Erth      0%         10d2      100%        8


Dungeon Overview and Level Annotations

Branches:
Dungeon (2/15)

Altars:
The Shining One

Annotations:
D:4 Pikel


Innate Abilities, Weirdness & Mutations

You have a pair of horns on your head.
You reflexively headbutt those who attack you in melee.


Message History

You block the lemure's attack.
You hit the lemure.
The lemure is heavily wounded.
You slash the lemure! You hit the lemure. You hit Pikel but do no damage.
The lemure closely misses you. You furiously retaliate!
You headbutt the lemure. You block Pikel's attack.
The lemure closely misses you. The lemure hits you but does no damage.
You slash the lemure!
You kill the lemure!
That felt strangely unrewarding.
You slash the lemure! x2
You hit the ball python.
You kill the ball python!
You closely miss Pikel. Pikel barely misses you.
The lemure hits you but does no damage. x2
You hit Pikel.
Pikel is moderately wounded.
You hit the lemure but do no damage. You closely miss the lemure.
You hit the lemure. Pikel hits you but does no damage. The lemure hits you.
The lemure hits you but does no damage. The lemure barely misses you.
Pikel hits you with a +2 whip of flaming.
Pikel burns you. The lemure hits you. x2
You hit Pikel but do no damage.
Pikel is moderately wounded.
You hit the lemure but do no damage. You completely miss the lemure.
You hit the lemure. You block the lemure's attack.
Pikel hits you with a +2 whip of flaming!
* * * LOW HITPOINT WARNING * * *
Pikel burns you.
* * * LOW HITPOINT WARNING * * *
The lemure closely misses you. The lemure barely misses you.
The lemure hits you.
* * * LOW HITPOINT WARNING * * *
You hit Pikel but do no damage.
Pikel is moderately wounded.
You hit the lemure. x3; Pikel completely misses you.
The lemure hits you.
* * * LOW HITPOINT WARNING * * *
The lemure hits you.
* * * LOW HITPOINT WARNING * * *
The lemure hits you.
You die...

......##### #.#
............... ...
.........#.#.##..
#....##.#.#.#...
#....##.#.#.#..
+....##.#.#.#.# #
.###.......#.#.#.##.#.#.
...........#.#..55......
.##....†#.......@5....#
#.....+........K......
.##....##......###..###.
.##.#'###....#.# ..#
.##.#.###....#.# .#
.............#.# ..
....#.###....#.. ##
...<#.# #....#.. >...#.#


You could see Pikel and 3 lemures.

Vanquished Creatures
  Menkaure (D:4)
  A lemure (D:4)
  A scorpion (D:4)
  3 hounds (D:4)
  A jelly (D:4)
  An adder (D:4)
  A dart slug (D:1)
  6 endoplasms
  A giant cockroach (D:1)
  3 goblins
  2 hobgoblins (D:1)
  4 kobolds (D:1)
  4 ball pythons
  3 bats (D:1)
  3 frilled lizards
  A rat (D:1)
36 creatures vanquished.

Vanquished Creatures (others)
  2 plants (D:4)
2 creatures vanquished.

Grand Total: 38 creatures vanquished

Notes
Turn   | Place    | Note
-------+----------+-------------------------------------------
     0 | D:1      | sankara the Minotaur Fighter began the quest for the Orb.
     0 | D:1      | Reached XP level 1. HP: 19/19 MP: 0/0
   100 | D:1      | Reached XP level 2. HP: 27/27 MP: 1/1
   185 | D:1      | Reached skill level 3 in Axes
   331 | D:1      | Found a faded altar of an unknown god.
   334 | D:1      | Prayed at the altar of an unknown god.
   334 | D:1      | Became a worshipper of the Shining One
   334 | D:1      | Reached * piety under the Shining One
  1117 | D:2      | You fall into a shaft and drop 2 floors!
  1186 | D:4      | Reached XP level 3. HP: 25/33 MP: 2/2
  1262 | D:4      | Noticed Menkaure
  1270 | D:4      | Killed Menkaure
  1271 | D:4      | Reached skill level 4 in Axes
  1271 | D:4      | Reached XP level 4. HP: 3/40 MP: 3/3
  1271 | D:4      | Reached XP level 5. HP: 4/46 MP: 4/4
  1569 | D:4      | Reached skill level 5 in Axes
  1611 | D:4      | Reached skill level 5 in Shields
  1613 | D:4      | Identified the +2 robe of the Skies Above {rC+}
  1689 | D:4      | Reached skill level 5 in Armour
  1689 | D:4      | Reached XP level 6. HP: 40/52 MP: 5/5
  1862 | D:4      | Reached skill level 6 in Axes
  1909 | D:4      | Noticed Pikel
  1921 | D:4      | HP: 2/52 [lemure[Pikel] (1)]
  1921 | D:4      | Slain by a lemure

Illustrated notes

Levels and vault maps discovered:
D:1:      dpeg_arrival_windows_large_door, layout_basic,
          hellmonk_ecumenical_altar_inner_sanctum, serial_park_tiny_pond
D:2:      minmay_angry_zag, layout_loops_ring
D:4:      layout_basic, saegor_snake_ambush, uniq_pikel, uniq_menkaure

Skill      XL: |  1  2  3  4  5  6 |
---------------+-------------------+-----
Axes           | 3 4 5 6 |  6.0
Armour         | 4 5 |  5.3
Fighting       | 4 |  4.0
Shields        | 4 5 |  5.0

Action                   |  1- 3 |  4- 6 || total
-------------------------+-------+-------++-------
Melee: War axe           |    50 |    23 ||    73
       Headbutt          |     7 |     5 ||    12
Armor: Scale mail        |    21 |    15 ||    36
Dodge: Dodged            |    16 |    13 ||    29
Block: Buckler           |    10 |     5 ||    15
